 Dungeon Crawl Stone Soup version 0.30-a0-913-g9934a0c (webtiles) character file.

Game seed: 9225306652308968610

1605 Dorkslayer the Trooper (level 8, 0/50 HPs)
             Began as a Gargoyle Fighter on Mar 19, 2023.
             Was an Initiate of Gozag.
             Slain by a steam dragon (3 damage)
             ... on level 6 of the Dungeon.
             The game lasted 00:10:32 (4604 turns).

Dorkslayer the Trooper (Gargoyle Fighter)           Turns: 4604, Time: 00:10:32

Health: 0/50       AC: 19    Str: 21    XL:     8   Next: 94%
Magic:  8/8        EV:  8    Int: 10    God:    Gozag
Gold:   579        SH:  4    Dex:  9    Spells: 7/7 levels left

rFire   . . .      SeeInvis .    a - +0 war axe (drain)
rCold   . . .      Faith    .    c - +0 buckler
rNeg    + . .      Spirit   .    q - +0 chain mail
rPois   ∞          Reflect  .    (no helmet)
rElec   +          Rampage  .    p - +0 cloak
rCorr   +                        h - +1 pair of gloves
Will    .....                    (no boots) Stlth
                                 (no amulet)
HPRegen 0.28/turn                e - ring of resist corrosion
MPRegen 0.11/turn                (no ring)

@: attractive
A: sickness immunity, AC +5, negative energy resistance 1, electricity
resistance, torment resistance 1, petrification resistance
a: Renounce Religion, Potion Petition, Call Merchant, Bribe Branch


You were on level 6 of the Dungeon.
You worshipped Gozag.
Gozag was pleased with you.
You visited 2 branches of the dungeon, and saw 7 of its levels.

You collected 655 gold pieces.
You paid 76 gold pieces to Gozag.

Inventory:

Hand Weapons
 a - a +0 war axe of draining (weapon)
Missiles
 m - a boomerang (quivered)
Armour
 c - a +0 buckler (worn)
 h - a +1 pair of gloves (worn)
 p - a +0 cloak (worn)
 q - a +0 chain mail (worn)
Jewellery
 e - a ring of resist corrosion (left hand)
Wands
 b - a wand of flame (13)
 w - a wand of paralysis (9)
Scrolls
 j - 3 scrolls of teleportation
 k - 2 scrolls of enchant armour
 l - a scroll of poison
 o - a scroll of magic mapping {unknown}
 r - a scroll of vulnerability {unknown}
 u - a scroll of blinking {unknown}
 v - a scroll of brand weapon
Potions
 d - a potion of might
 f - 5 potions of flight
 g - 2 potions of mutation
 i - 3 potions of attraction
 n - 4 potions of curing {unknown}
 s - 2 potions of heal wounds {unknown}
 t - a potion of brilliance {unknown}
 x - a potion of degeneration {unknown}
 z - a potion of lignification {unknown}


   Skills:
 + Level 5.4 Fighting
 + Level 3.8 Axes
 + Level 2.4 Throwing
 + Level 5.3 Armour
 * Level 4.4 Dodging
 + Level 5.3 Shields
 * Level 3.7 Evocations


You had 7 spell levels left.
You didn't know any spells.
Your spell library was empty.

Dungeon Overview and Level Annotations

Branches:
Dungeon (6/15)             Temple (1/1) D:4

Altars:
Ashenzari
Cheibriados
Dithmenos
Elyvilon
Gozag
Hepliaklqana
Xom
Yredelemnul
The Shining One


Innate Abilities, Weirdness & Mutations

You are immune to sickness and miasma.
Your stone body is resilient. (AC +5)
You are immune to poison.
You resist negative energy. (rN+)
You are resistant to electric shocks. (rElec)
You are resistant to unholy torment.
You are immune to petrification.


Message History

An orc comes into view. It is wielding a +0 hand axe.
The orc shouts!
You hear an angry hiss.
You hear a shout! x2
A steam dragon comes into view.
An orc wizard and 2 orc priests come into view.
The orc wizard is wielding a +2 vampiric dagger.
The orc priest shouts! x2
The steam dragon breathes steam at you. The ball of steam hits you.
The orc priest moves out of view.
The orc wizard moves out of view.
The orc priest moves out of view.
You are engulfed in a cloud of scalding steam.
An ogre comes into view. It is wielding a +0 giant spiked club.
You are engulfed in a cloud of scalding steam.
The ogre shouts!
The orc priest hits you but does no damage.
You hit the orc priest.
The orc priest is moderately wounded.
You hit the orc priest.
You are engulfed in a cloud of scalding steam.
The orc priest mumbles some strange prayers to Beogh against you.
Beogh smites you!
The orc priest mumbles some strange prayers to Beogh against you.
Beogh smites you!
You barely miss the orc priest.
The orc priest is lightly wounded.
You closely miss the orc priest. You barely miss the steam dragon.
The steam dragon bites you.
The steam dragon claws you but does no damage.
The orc priest barely misses you.
The orc priest hits you but does no damage.
You block the steam dragon's attack.
The steam dragon claws you but does no damage.
The orc priest hits you but does no damage.
The orc priest mumbles some strange prayers to Beogh against you.
Beogh smites you!
* * * LOW HITPOINT WARNING * * *
It was a potion of attraction.
You feel attractive to monsters. The steam dragon bites you.
You die...
Your body crumbles into a pile of gold.

#..# #..# #####..#
#......##### ####
#..........# .....
###......###.# ##.#...
'........# #.# o......
##......###.###o.....8
######........@oo.....
#...........###D§§..8.
#..............O......
#...........#.#......8
####'######.# #..#....
#.# #.#.#..#....
#.#### #.#.#..# #..
#.##.# #.#.#..# .#
#.####.##.###.#.#..#


You could see a steam dragon, an ogre, 2 orc priests, an orc wizard and an orc.

Vanquished Creatures
  A steam dragon (D:6)
  Menkaure (D:5)
  An ice beast (D:5)
  A black bear (D:6)
  3 ogres
  2 phantoms (D:5)
  4 scorpions
  A howler monkey (D:5)
  3 jellies (D:4)
  2 hounds
  2 orc priests
  2 iguanas (D:4)
  A sleepcap (D:4)
  4 orc wizards
  5 adders
  2 ufetubi
  2 worms
  3 dart slugs
  12 orcs
  7 bats
  4 endoplasms
  2 giant cockroaches (D:4)
  4 goblins
  8 hobgoblins
  4 jackals (D:3)
  3 kobolds (D:1)
  A quokka (D:1)
  5 ball pythons
  4 frilled lizards
  5 rats
99 creatures vanquished.

Vanquished Creatures (others)
  A plant (D:3)
1 creature vanquished.

Grand Total: 100 creatures vanquished

Notes
Turn   | Place    | Note
-------+----------+-------------------------------------------
     0 | D:1      | Dorkslayer the Gargoyle Fighter began the quest for the
                  | Orb.
     0 | D:1      | Reached XP level 1. HP: 14/14 MP: 1/1
    63 | D:1      | Found a faded altar of an unknown god.
   257 | D:1      | Reached XP level 2. HP: 17/19 MP: 2/2
   491 | D:1      | You fall into a shaft and drop 1 floor!
   511 | D:2      | Reached skill level 1 in Dodging
   577 | D:2      | Reached XP level 3. HP: 23/23 MP: 3/3
   578 | D:2      | Found a shimmering altar of Xom.
   593 | D:2      | Identified the +7 long sword "Kiudow" {flame, +Blink Will+
                  | Int+4 Dex-5}
  1240 | D:2      | Reached XP level 4. HP: 22/29 MP: 4/4
  2229 | D:4      | Reached XP level 5. HP: 30/33 MP: 5/5
  2271 | D:4      | Found a glowing golden altar of the Shining One.
  2527 | D:4      | Reached XP level 6. HP: 36/38 MP: 6/6
  2584 | D:4      | Reached skill level 1 in Evocations
  2726 | D:4      | Found a staircase to the Ecumenical Temple.
  2732 | Temple   | Entered the Ecumenical Temple
  2738 | Temple   | Became a worshipper of Gozag Ym Sagoz the Greedy
  3027 | D:5      | Entered Level 5 of the Dungeon
  3039 | D:5      | Reached skill level 1 in Throwing
  3039 | D:5      | Reached XP level 7. HP: 29/44 MP: 7/7
  3480 | D:5      | Reached XP level 8. HP: 48/48 MP: 8/8
  3582 | D:5      | Noticed Menkaure
  3588 | D:5      | Killed Menkaure
  3589 | D:5      | Reached skill level 5 in Fighting
  3686 | D:5      | Reached skill level 5 in Armour
  3752 | D:5      | Noticed a shadow
  3753 | D:5      | Found a shadowy altar of Dithmenos.
  3754 | D:5      | Found a hazy altar of Hepliaklqana.
  3886 | D:6      | Reached skill level 5 in Shields
  4227 | D:6      | Found a basalt altar of Yredelemnul.
  4290 | D:6      | Found a white marble altar of Elyvilon.
  4604 | D:6      | Slain by a steam dragon

Illustrated notes

Levels and vault maps discovered:
D:1:      giann_wishing_wells, layout_basic,
          chequers_ecumenical_altar_simple_redux, minmay_misc_feat_diagonals,
          roderic_lattice_a, grunt_decor_resistance
D:2:      layout_rooms, basic_altar
D:3:      layout_basic, serial_bayou_crossing
D:4:      layout_cave_pods, tso_altar, minmay_temple_entry_arrows
D:5:      layout_loops_ring, riverfiend_overflow_shadow_ancestor,
          chequers_serial_rivers_room_a, hangedman_decor_peaks_small,
          uniq_menkaure
D:6:      layout_basic, kennysheep_ying_yang, gammafunk_temple_overflow_wave,
          nicolae_uskayaw_dance_hall
Temple:   chequers_temple_sunken

Skill      XL: |  1  2  3  4  5  6  7  8 |
---------------+-------------------------+-----
Axes           | 2 3 |  3.8
Dodging        | 1 2 3 4 |  4.4
Fighting       | 4 5 |  5.4
Armour         | 4 5 |  5.3
Shields        | 4 5 |  5.3
Evocations     | 1 2 3 |  3.7
Throwing       | 1 2 |  2.4

Action                     |  1- 3 |  4- 6 |  7- 9 || total
---------------------------+-------+-------+-------++-------
  Melee: War axe           |   114 |    94 |   146 ||   354
  Throw: Boomerang         |       |     2 |     4 ||     6
    Use: Scroll            |     2 |     4 |     1 ||     7
         Potion            |       |       |     1 ||     1
 Armour: Scale mail        |    82 |    40 |       ||   122
         Chain mail        |       |    10 |   135 ||   145
  Dodge: Dodged            |    63 |    40 |    78 ||   181
  Block: Buckler           |    32 |    17 |    45 ||    94

Table legend: (Time is in decaauts)
 A = Elapsed time spent in this place.
 B = Non-inter-level travel time spent in this place.
 C = Inter-level travel time spent in this place.
 D = Time resting spent in this place.
 E = Time spent auto-exploring this place.
 F = Levels seen in this place.
 G = Mean time per level.
                   A        B        C        D        E       F      G
               +--------+--------+--------+--------+--------+-----+--------+
         Total |   4754 |   4754 |      0 |      0 |   2915 |   7 |  679.1 |
       Dungeon |   4741 |   4741 |      0 |      0 |   2915 |   6 |  790.2 |
        Temple |     12 |     12 |      0 |      0 |      0 |   1 |   12.0 |
               +--------+--------+--------+--------+--------+-----+--------+

Top non-repeatable levels by time:
     D:1: 917 daAuts
     D:4: 891 daAuts
     D:5: 817 daAuts
     D:6: 814 daAuts
     D:3: 792 daAuts
     D:2: 508 daAuts
  Temple: 12 daAuts
